 Dungeon Crawl Stone Soup version 0.30-a0-1163-gf69bf04e7a (webtiles) character file.

Game seed: 7834366548735216208

37 Dirtsage the Chopper (level 3, -3/43 HPs)
             Began as a Demonspawn Berserker on Apr 28, 2023.
             Was a Follower of Trog.
             Slain by a kobold
             ... wielding a +1 whip of electrocution
              (18 damage)
             ... on level 2 of the Dungeon.
             The game lasted 00:00:59 (745 turns).

Dirtsage the Chopper (Demonspawn Berserker)          Turns: 745, Time: 00:01:00

Health: -3/43      AC:  9    Str: 25    XL:     3   Next: 21%
Magic:  3/3        EV: 11    Int:  8    God:    Trog [*.....]
Gold:   83         SH:  0    Dex: 12    Spells: 2/2 levels left

rFire   . . .        a - +0 hand axe
rCold   . . .        (no shield)
rNeg    . . .        h - +0 ring mail
rPois   .            (helmet restricted)
rElec   .            (no cloak)
rCorr   .            (no gloves)
SInv    .            (no boots)
Will    .....        (no amulet) Stlth
                     g - +4 ring of protection
HPRegen 0.27/turn    i - +6 ring of strength
MPRegen 0.08/turn

%: no passive effects
@: berserking, very quick
A: antennae 1
a: Renounce Religion, Berserk


You were on level 2 of the Dungeon.
You worshipped Trog.
Trog was aware of your devotion.
You visited 1 branch of the dungeon, and saw 2 of its levels.

You collected 83 gold pieces.

Inventory:

Hand Weapons
 a - a +0 hand axe (weapon)
Armour
 b - a +0 animal skin
 h - a +0 ring mail (worn)
Jewellery
 g - a +4 ring of protection (left hand)
 i - a +6 ring of strength (right hand)
Scrolls
 c - a scroll of teleportation {unknown}
 d - 2 scrolls of identify {unknown}
 f - a scroll of silence {unknown}
Potions
 e - 2 potions of degeneration {unknown}


   Skills:
 - Level 3.0 Fighting
 + Level 4.0 Axes
 - Level 1.7 Armour
 - Level 1.7 Dodging


You had 2 spell levels left.
You didn't know any spells.
Your spell library was empty.

Dungeon Overview and Level Annotations

Branches:
Dungeon (2/15)

Altars:


Innate Abilities, Weirdness & Mutations

You have a pair of small antennae on your head.


Message History

You hit the kobold.
You kill the kobold!
Trog accepts your kill.
You see here a hobgoblin corpse.
You hit the goblin.
The goblin is heavily wounded.
The goblin hits you but does no damage.
You barely miss the goblin.
The goblin is heavily wounded.
The goblin hits you but does no damage.
You hit the goblin but do no damage.
The goblin is heavily wounded.
The goblin hits you but does no damage.
You closely miss the goblin.
The goblin is heavily wounded.
The goblin barely misses you.
You hit the goblin.
You kill the goblin!
Trog accepts your kill.
Your Axes skill increases to level 4!
No target in view!
No target in view!
HP restored.
You now have 83 gold pieces (gained 12).
A kobold comes into view.
It is wielding a +1 whip of electrocution.
Health restored: 29 A kobold is nearby!
A worm comes into view.
The kobold barely misses you.
You miss the kobold. The kobold hits you but does no damage.
You are electrocuted!!
Ouch! That really hurt!
You take 19 damage, and have 10/29 hp.
MASSIVE DAMAGE!!
You are too injured to fight recklessly!
You are too injured to fight recklessly!
You are too injured to fight recklessly!
A red film seems to cover your vision as you go berserk!
You feel yourself moving faster!
You feel mighty! The kobold hits you but does no damage.
You are electrocuted!!
You die...

##############
#............#####
#...[............#
#.......).........
..#######†.).......
##.#######......>...
......K@............
###.....##..........
#####.############
#.. ##w .# .. .(


You could see a worm and a kobold.

Vanquished Creatures
  An adder (D:2)
  A dart slug (D:1)
  A ball python (D:1)
  2 bats (D:1)
  5 endoplasms
  5 goblins
  2 hobgoblins
  A quokka (D:1)
  A frilled lizard (D:2)
  2 kobolds
  3 rats (D:1)
24 creatures vanquished.

Notes
Turn   | Place    | Note
-------+----------+-------------------------------------------
     0 | D:1      | Dirtsage the Demonspawn Berserker began the quest for the
                  | Orb.
     0 | D:1      | Reached XP level 1. HP: 18/18 MP: 1/1
    39 | D:1      | Reached skill level 3 in Axes
    58 | D:1      | Gained mutation: You have a pair of small antennae on your
                  | head. [demonic ancestry]
    58 | D:1      | Reached XP level 2. HP: 19/24 MP: 2/2
   722 | D:2      | Reached XP level 3. HP: 25/29 MP: 3/3
   731 | D:2      | Reached skill level 4 in Axes
   745 | D:2      | Slain by a kobold

Illustrated notes

Levels and vault maps discovered:
D:1:      minmay_arrival_shattered_statue, layout_basic
D:2:      layout_basic, shapermc_ecumenical_altar_venn

Skill      XL: |  1  2  3 |
---------------+----------+-----
Axes           | 3 4 |  4.0
Fighting       | |  3.0
Armour         | |  1.7
Dodging        | |  1.7

Action                     || total
---------------------------++-------
  Melee: Hand axe          ||    47
         Punch             ||     1
 Invoke: Berserk           ||     1
 Armour: Animal skin       ||     1
         Ring mail         ||    15
  Dodge: Dodged            ||    26

Table legend: (Time is in decaauts)
 A = Elapsed time spent in this place.
 B = Non-inter-level travel time spent in this place.
 C = Inter-level travel time spent in this place.
 D = Time resting spent in this place.
 E = Time spent auto-exploring this place.
 F = Levels seen in this place.
 G = Mean time per level.
                   A        B        C        D        E       F      G
               +--------+--------+--------+--------+--------+-----+--------+
         Total |    749 |    651 |     98 |      0 |    542 |   2 |  374.5 |
       Dungeon |    749 |    651 |     98 |      0 |    542 |   2 |  374.5 |
               +--------+--------+--------+--------+--------+-----+--------+

Top non-repeatable levels by time:
     D:1: 715 daAuts
     D:2: 33 daAuts
